 Dungeon Crawl Stone Soup version 0.22.1-2-g9c5b331383 (webtiles) character file.

67 Reeggar the Ducker (level 4, 0/31 HPs)
             Began as an Octopode Fighter on Nov 15, 2018.
             Succumbed to an adder's poison
             ... on level 2 of the Dungeon on Nov 20, 2018.
             The game lasted 00:07:13 (1864 turns).

Reeggar the Ducker (Octopode Fighter)               Turns: 1864, Time: 00:07:14

Health: 0/31       AC:  1    Str: 16    XL:     4   Next: 18%
Magic:  4/4        EV: 12    Int: 10    God:
Gold:   60         SH:  8    Dex: 11    Spells: 3/3 levels left

rFire    . . .     SeeInvis .   a - +0 flail
rCold    . . .     Gourm    .   b - +0 shield
rNeg     . . .     Faith    .   (helmet restricted)
rPois    .         Spirit   .   (no amulet)
rElec    .         Reflect  .   (no ring)
rCorr    .         Harm     .   (no ring)
MR       .....                  (no ring)
Stlth    +++.......             (no ring)
HPRegen  0.10/turn              (no ring)
MPRegen  0.09/turn              (no ring)
                                (no ring)
                                (no ring)

@: lethally poisoned (0 -> -3)
A: almost no armour, stealthy swim, amphibious, 8 rings, constrict 8, camouflage
1, gelatinous body 1
a: no special abilities


You were on level 2 of the Dungeon.
You were not hungry.

You visited 1 branch of the dungeon, and saw 2 of its levels.

You collected 60 gold pieces.

Inventory:

Hand Weapons
 a - a +0 flail (weapon)
Missiles
 e - 3 javelins (quivered)
Armour
 b - a +0 shield (worn)
Scrolls
 f - a scroll of random uselessness {unknown}
 h - a scroll of remove curse {unknown}
 j - a scroll of teleportation {unknown}
 l - a scroll of immolation {unknown}
Potions
 c - a potion of might
 g - a potion of heal wounds {unknown}
 i - a potion of curing {unknown}
Comestibles
 d - 6 rations
 k - 12 chunks of flesh


   Skills:
 + Level 3.2 Fighting
 + Level 2.5 Maces & Flails
 * Level 1.3 Throwing
 + Level 3.6 Dodging
 + Level 1.5 Stealth
 + Level 3.2 Shields


You had 3 spell levels left.
You didn't know any spells.
Your spell library was empty.

Dungeon Overview and Level Annotations

Branches:
Dungeon (2/15)

Altars:


Innate Abilities, Weirdness & Mutations

You cannot wear most types of armour.
You are very stealthy in the water. (Stealth+)
You are amphibious.
You can wear up to eight rings at the same time.
You can use your tentacles to constrict eight enemies at once.
Your skin changes colour to match your surroundings (Stealth+).
Your rubbery body absorbs attacks. (AC +1, EV +1)


Message History

You sock the adder! You grab the adder.
The adder is almost dead.
You constrict the adder.
You kill the adder!
You have reached level 4!
* * * LOW HITPOINT WARNING * * *
You feel sick. The worm closely misses you.
You see here an adder corpse.
You barely miss the worm. You grab the worm. You constrict the worm.
* * * LOW HITPOINT WARNING * * *
You feel sick. The worm barely misses you.
You sock the worm!
The worm is heavily wounded.
You constrict the worm. You hit the worm.
The worm is severely wounded.
You constrict the worm.
You kill the worm!
You die...

## ## .. ....... .
## #.....# ##### #
### .....# ....#
#.#.. # ....#
#.#.###.##.#.# .
.... .... .........
# ..# #.. .#.##.#.#
#.# #.# #.#..#.#
#@###.#####.#.##.#
#...)............#
#######..####....##
##########
.................#
.........#
.#####..#..#.#####
....#### #..#
........#.#
.......#
#..##.###.#..#.#
### ....##.# #..##
###..#.####..
.......# #..#
#..#....#..


There were no monsters in sight!

Vanquished Creatures
  2 adders (D:2)
  An ooze (D:1)
  2 worms (D:2)
  A leopard gecko (D:1)
  3 bats
  2 giant cockroaches (D:2)
  9 goblins
  3 hobgoblins
  7 jackals
  A frilled lizard (D:1)
  4 kobolds
  3 rats
38 creatures vanquished.

Notes
Turn   | Place    | Note
-------+----------+-------------------------------------------
     0 | D:1      | Reeggar the Octopode Fighter began the quest for the Orb.
     0 | D:1      | Reached XP level 1. HP: 16/16 MP: 1/1
   416 | D:1      | Reached XP level 2. HP: 21/21 MP: 2/2
  1051 | D:1      | Reached skill level 1 in Stealth
  1051 | D:1      | Reached XP level 3. HP: 21/26 MP: 3/3
  1705 | D:2      | Reached skill level 1 in Throwing
  1860 | D:2      | Reached XP level 4. HP: 3/31 MP: 4/4
  1862 | D:2      | HP: 1/31 [poisoned by an adder]
  1864 | D:2      | Succumbed to an adder's poison

Skill      XL: |  1  2  3 |
---------------+----------+-----
Stealth        | 1 |  1.5
Throwing       | 1 |  1.3
Fighting       | |  3.2
Maces & Flails | |  2.5
Dodging        | |  3.6
Shields        | |  3.2

Action                   |  1- 3 |  4- 6 || total
-------------------------+-------+-------++-------
Melee: Flail             |    65 |     3 ||    68
       Constrict         |    16 |     1 ||    17
       Tentacles         |    10 |       ||    10
 Stab: Sleeping          |     7 |       ||     7
  Eat: Ration            |     1 |       ||     1
Armor: Skin              |    11 |       ||    11
Dodge: Dodged            |    50 |     2 ||    52
Block: Shield            |    42 |       ||    42
